Map: Goldenaura LE

Players

HeroMfan

  • Race: Terran Terran
  • League: Grandmaster
  • Spawn Location: 12:00

PiG - Winner!

  • Race: Zerg Zerg
  • League: Master
  • Spawn Location: 5:00

VOD

Have the link to the VOD?

Description

Time

  • Played on: Oct. 30, 2023, 5:50 p.m.
  • Length: 13:08
Show
View Real Time Build Order
Export as new Build Order

HeroMfan Terran 

Build Orders: Reaper Expand 

Get SALT Encoding   

  12  0:00  SCV  
  13  0:12  SCV  
  14  0:17  Supply Depot  
  14  0:24  SCV  
  15  0:38  SCV  
  15  0:40  Barracks  
  16  0:43  Refinery  
  16  0:50  SCV  
  17  1:03  SCV  
  18  1:15  SCV  
  19  1:27  Orbital Command, Reaper  
  20  1:39  Command Center  
  20  1:47  Supply Depot  
  20  1:52  SCV  
  21  1:59  Marine  
  22  2:05  SCV  
  22  2:08  Factory  
  23  2:17  SCV  
  23  2:20  Barracks Reactor  
  24  2:29  SCV  
  25  2:37  Command Center  
  25  2:41  SCV  
  26  2:53  SCV  
  26  3:03  Orbital Command  
  26  3:05  SCV  
  27  3:06  Hellion x2  
  31  3:14  Marine  
  31  3:16  Barracks  
  31  3:17  SCV  
  33  3:29  SCV  
  33  3:30  Hellion x2  
  33  3:31  SCV  
  38  3:40  Barracks Tech Lab  
  38  3:41  SCV  
  38  3:43  SCV  
  38  3:46  Refinery  
  40  3:50  Orbital Command  
  40  3:53  SCV  
  40  3:55  SCV  
  42  3:58  Marine  
  42  3:59  Stimpack  
  43  4:06  SCV  
  43  4:07  SCV  
  43  4:08  Starport  
  45  4:12  Factory Reactor  
  45  4:13  Marine x2  
  45  4:17  SCV  
  48  4:18  SCV  
  48  4:19  SCV  
  48  4:22  Marine  
  51  4:24  Refinery  
  51  4:26  Refinery  
  51  4:30  SCV  
  52  4:31  SCV  
  52  4:32  Orbital Command, Engineering Bay x2  
  52  4:35  Marine x2  
  55  4:41  Marine  
  55  4:42  SCV  
  55  4:43  SCV  
  58  4:54  Supply Depot, SCV  
  58  4:55  SCV, Supply Depot  
  58  4:56  Marine  
  61  5:00  Terran Infantry Weapons Level 1, Terran Infantry Armor Level 1  
  61  5:03  Factory Tech Lab  
  61  5:07  Marine  
  61  5:08  SCV x3  
  61  5:10  Marine  
  66  5:18  Supply Depot  
  66  5:20  Supply Depot, Medivac x2, SCV x3  
  66  5:21  Marine  
  71  5:25  Marine  
  73  5:30  Marine  
  73  5:32  SCV x3  
  73  5:34  Siege Tank  
  80  5:39  Marine  
  81  5:42  Combat Shield  
  81  5:43  Marine  
  81  5:44  SCV x3  
  81  5:48  Marine  
  86  5:56  Marine, SCV x2  
  90  5:58  Barracks  
  90  6:01  Marine  
  90  6:02  Starport Reactor  
  87  6:05  Marine  
  87  6:06  Siege Tank  
  87  6:08  SCV x2  
  92  6:14  Marine  
  86  6:19  Orbital Command, Marine  
  86  6:20  SCV x2  
  86  6:23  Marine  
  81  6:32  SCV, Marine  
  81  6:33  SCV  
  81  6:36  Marine  
  82  6:56  Supply Depot  
  82  6:57  Barracks, Supply Depot  
  82  6:58  Orbital Command  
  82  7:00  Barracks  
  82  7:17  Marine x3  
  82  7:18  Siege Tank, SCV x2, Marine x2  
  82  7:20  Supply Depot x2  
  92  7:23  SCV  
  92  7:28  Supply Depot  
  93  7:42  Medivac x2, Marine, Supply Depot x2, SCV x3  
  93  7:44  Armory, Supply Depot  
  101  7:51  Siege Tank  
  104  7:54  Command Center, SCV x3  
  104  7:57  Barracks Reactor  
  104  7:58  Barracks Reactor  
  107  8:06  SCV x2  
  107  8:07  SCV  
  107  8:11  Sensor Tower  
  107  8:12  Marine x2  
  93  8:13  Medivac  
  93  8:16  Marine x2  
  93  8:17  Medivac  
  93  8:18  SCV x2  
  93  8:19  Marine  
  104  8:26  SCV  
  105  8:28  Siege Tank  
  105  8:30  Marine x2  
  105  8:33  Marine  
  105  8:34  Marine x2  
  112  8:35  Marine x3  
  112  8:36  Marine  
  112  8:48  Marine x2  
  116  8:51  Terran Infantry Weapons Level 2, Marine x2  
  116  8:52  Marine  
  116  8:53  Marine x3  
  116  8:55  Marauder  
  122  8:58  Terran Infantry Armor Level 2  
  122  9:06  Marine x2  
  122  9:09  Missile Turret, Marine x2  
  126  9:10  Marine x4  
  126  9:11  Siege Tank  
  126  9:16  Marauder  
  135  9:18  Refinery  
  135  9:19  Refinery  
  135  9:24  Marine x2  
  135  9:27  Marine x2  
  135  9:28  SCV, Marine x4  
  135  9:29  SCV  
  145  9:32  Supply Depot x2  
  145  9:34  Terran Vehicle Weapons Level 1  
  145  9:35  Factory  
  145  9:37  Marine  
  145  9:38  SCV  
  147  9:41  Marine, SCV  
  147  9:42  Marine  
  147  9:45  Marine x3  
  152  9:46  Marine  
  152  9:48  Marine  
  152  9:49  Marine  
  156  9:55  Marauder  
  156  9:58  Sensor Tower, Supply Depot  
  156  9:59  Marine x2  
  159  10:01  Supply Depot  
  159  10:02  Marine  
  159  10:03  Marine  
  159  10:05  SCV x2  
  164  10:09  Marine x2  
  158  10:17  Marauder  
  158  10:19  Marine x3  
  132  10:24  Siege Tank  
  132  10:26  Factory Tech Lab  
  132  10:27  Marine  
  135  10:35  Marine x2  
  136  10:36  Medivac x2  
  136  10:38  Marauder  
  136  10:40  Marine x5  
  136  10:41  SCV  
  136  10:42  SCV  
  150  10:44  Planetary Fortress  
  150  10:45  Marine  
  150  10:46  SCV  
  152  10:53  Siege Tank, Marine x2  
  152  10:54  Sensor Tower, SCV x2  
  159  10:58  Siege Tank, Marine x2  
  159  11:00  Marauder  
  161  11:05  Marine x3  
  161  11:06  Marine  
  161  11:10  Marine  
  160  11:19  Medivac x2  
  160  11:20  Marine x3  
  160  11:21  Marauder  
  160  11:23  Marine x2  
  154  11:26  Marine x2  
  156  11:33  Marine  
  156  11:38  Marine  
  156  11:39  Barracks  
  155  11:40  Barracks x2  
  155  11:44  Marine x3  
  159  11:47  SCV x2  
  159  11:49  Refinery  
  160  11:55  Siege Tank  
  160  11:56  Marine x2  
  160  11:59  SCV x2  
  160  12:00  SCV  
  168  12:08  Viking, Marine x2  
  170  12:09  Viking  
  166  12:19  Marine x4  
  166  12:20  Thor  
  162  12:22  Marine  
  162  12:23  Marine  
  162  12:26  Marine  
  162  12:27  Marine x5  
  131  12:36  Marine  
  131  12:37  Marine x3  
  131  12:40  Marine x2  
  131  12:44  Marine  
Show
View Real Time Build Order
Export as new Build Order

PiG Zerg - Winner!

Build Orders: Hatch First, Brood Lord Corruptor 

Get SALT Encoding   

  12  0:00  Drone  
  13  0:09  Drone  
  14  0:19  Extractor, Drone  
  15  0:39  Hatchery  
  14  0:43  Extractor  
  14  0:44  Drone  
  15  0:50  Overlord  
  15  1:05  Spawning Pool  
  15  1:08  Drone  
  15  1:12  Drone  
  16  1:20  Drone x2  
  18  1:31  Extractor, Drone  
  18  1:41  Drone  
  19  1:51  Drone, Queen x2  
  24  1:54  Zergling x2  
  25  2:03  Overlord  
  25  2:05  Drone  
  26  2:15  Drone x2  
  28  2:23  Drone  
  28  2:24  Drone  
  30  2:36  Drone x2, Queen  
  31  2:38  Queen  
  35  2:45  Overlord  
  35  2:56  Drone x2  
  36  3:03  Overlord  
  36  3:04  Drone x5  
  36  3:05  Drone  
  42  3:08  Drone  
  42  3:10  Drone  
  44  3:16  Lair  
  44  3:22  Extractor  
  44  3:25  Drone x2  
  45  3:31  Drone x2  
  47  3:34  Extractor  
  47  3:38  Roach Warren  
  47  3:40  Overlord  
  45  3:45  Drone x5  
  50  3:48  Drone x2  
  52  4:03  Hatchery  
  52  4:04  Overlord  
  52  4:07  Extractor  
  50  4:12  Drone x3  
  50  4:16  Overlord  
  53  4:21  Roach x3  
  59  4:28  Overseer  
  59  4:30  Overlord  
  59  4:32  Roach x3  
  59  4:34  Glial Reconstitution  
  65  4:44  Overlord x2  
  65  4:48  Overlord x2  
  65  4:50  Roach  
  67  4:57  Roach x3  
  73  5:07  Roach x4  
  81  5:20  Roach x3  
  87  5:29  Ravager x3  
  87  5:30  Roach x2  
  87  5:31  Ravager x2  
  96  5:36  Roach x2  
  96  5:37  Roach x4  
  96  5:42  Overlord x2  
  108  5:54  Drone x2  
  108  5:55  Drone x2  
  112  5:58  Drone x2  
  112  5:59  Infestation Pit  
  113  6:05  Drone x6  
  111  6:22  Drone x7  
  105  6:28  Drone x7  
  112  6:35  Extractor x2, Evolution Chamber  
  112  6:38  Evolution Chamber  
  108  6:40  Drone x5  
  113  6:52  Hatchery  
  110  6:58  Infestor x3  
  110  6:59  Zergling x2  
  117  7:03  Zerg Ground Armor Level 1  
  117  7:04  Queen  
  117  7:05  Zerg Missile Weapons Level 1  
  119  7:13  Overlord x3  
  119  7:18  Zergling x2  
  119  7:19  Roach x5  
  130  7:24  Burrow, Overlord x2  
  130  7:33  Extractor  
  130  7:36  Extractor, Roach x7  
  142  7:50  Roach x7  
  152  8:16  Roach x8  
  168  8:23  Overlord x5  
  168  8:41  Hive  
  168  8:42  Spire  
  167  8:54  Drone x12, Spore Crawler  
  167  8:55  Drone  
  179  8:57  Zerg Melee Weapons Level 1  
  179  9:01  Infestor x2  
  183  9:08  Zerg Ground Armor Level 2  
  183  9:14  Drone  
  184  9:22  Spore Crawler  
  183  9:24  Hatchery  
  182  9:38  Zergling x22, Infestor  
  191  9:40  Zergling x14  
  200  9:59  Greater Spire  
  200  10:03  Hatchery  
  200  10:06  Extractor  
  198  10:09  Extractor  
  170  10:24  Metabolic Boost  
  165  10:29  Infestor x2  
  165  10:31  Corruptor x11  
  189  10:40  Drone x6  
  194  11:14  Brood Lord x3  
  189  11:25  Brood Lord  
  189  11:26  Brood Lord x5  
  197  11:41  Brood Lord  
  199  11:48  Infestor  
  199  11:57  Spore Crawler  
  199  11:59  Spore Crawler  
  196  12:33  Drone  
  197  12:35  Hatchery  
Tags
 
Add a new tag
Caveats
  • Supply blocks, unpowered buildings, or Contaminate may cause inaccurate times.
  • Supply counts are checked every 10 seconds.